 Dungeon Crawl Stone Soup version 0.30-a0-1103-g25895a7845 (webtiles) character file.

Game seed: 15688295913846200038

84 Darkkill the Shooter (level 4, -7/38 HPs)
             Began as a Minotaur Hunter on Apr 18, 2023.
             Mangled by Sigmund
             ... wielding a +0 scythe
              (9 damage)
             ... on level 3 of the Dungeon.
             The game lasted 00:04:03 (1736 turns).

Darkkill the Shooter (Minotaur Hunter)              Turns: 1736, Time: 00:04:03

Health: -7/38      AC:  4    Str: 15    XL:     4   Next: 23%
Magic:  3/3        EV: 12    Int:  6    God:
Gold:   121        SH:  0    Dex: 16    Spells: 3/3 levels left

rFire   . . .      SeeInvis .    a - +1 shortbow
rCold   . . .      Faith    .    (shield currently unavailable)
rNeg    . . .      Spirit   .    c - +1 leather armour
rPois   .          Reflect  .    (helmet restricted)
rElec   .          Rampage  .    (no cloak)
rCorr   .                        (no gloves)
Will    .....                    (no boots)
Stlth   ++                       (no amulet)
HPRegen 0.26/turn                (no ring)
MPRegen 0.08/turn                (no ring)

@: no status effects
A: horns 2, retaliatory headbutt
a: no special abilities


You were on level 3 of the Dungeon.
You visited 1 branch of the dungeon, and saw 3 of its levels.

You collected 121 gold pieces.

Inventory:

Hand Weapons
 a - a +1 shortbow (weapon)
Missiles
 h - 47 stones
 m - 2 poisoned darts
Armour
 c - a +1 leather armour (worn)
Jewellery
 d - a ring of magical power
 f - a ring of magical power
Wands
 k - a wand of flame (14)
Scrolls
 b - 3 scrolls of immolation
 n - a scroll of summoning {unknown}
 o - a scroll of identify {@r1}
 q - 2 scrolls of noise {unknown}
Potions
 e - 2 potions of resistance
 i - a potion of might {unknown}
 j - a potion of ambrosia {unknown}
 l - 2 potions of attraction


   Skills:
 + Level 3.4 Fighting
 + Level 5.0 Ranged Weapons
 + Level 3.0 Dodging
 + Level 1.9 Stealth


You had 3 spell levels left.
You didn't know any spells.
Your spell library contained the following spells:

 Spells                   Type           Power      Damage    Failure   Level
 Gell's Gravitas          Tloc           0%         N/A       88%         3
 Ignite Poison            Fire/Tmut/Pois 0%         N/A       88%         3
 Malign Gateway           Summ/Tloc      0%         N/A       100%        7


Dungeon Overview and Level Annotations

Branches:
Dungeon (3/15)

Altars:
Kikubaaqudgha

Annotations:
D:2 1 runed translucent door, Crazy Yiuf
D:3 Sigmund


Innate Abilities, Weirdness & Mutations

You have a pair of horns on your head.
You reflexively headbutt those who attack you in melee.


Message History

You shoot an arrow. The arrow closely misses the goblin.
The goblin hits you with a +0 club.
A goblin is nearby!
You shoot an arrow. The arrow hits the goblin.
You kill the goblin!
q - 2 scrolls labelled GITHRE WOFE (gained 1)
You see here an adder skeleton.
You see here a +0 short sword.
Things that are here:
a +0 dagger; a ball python skeleton You now have 121 gold pieces (gained 7).
Sigmund the Dreaded comes into view.
He is wielding a +0 scythe and wearing a +1 robe of willpower.
Fire: a) +1 shortbow
Press: ? - help, Q - select action, (/) - cycle Shift-Dir - straight line, f - Sigmund
Aim: Sigmund, wielding a +0 scythe and wearing a +1 robe of willpower (asleep, 98% to hit)
You shoot an arrow.
The arrow hits Sigmund but does no damage.
Sigmund shouts!
Sigmund gestures at you while chanting. The magic dart hits you!
Sigmund points at you and mumbles some strange words.
The magic dart hits you.
Fire: a) +1 shortbow
Press: ? - help, Q - select action, (/) - cycle Shift-Dir - straight line, f/p - Sigmund
Aim: Sigmund, wielding a +0 scythe and wearing a +1 robe of willpower (61% to hit)
You shoot an arrow. The arrow closely misses Sigmund.
Fire: a) +1 shortbow
Press: ? - help, Q - select action, (/) - cycle Shift-Dir - straight line, f/p - Sigmund
Aim: Sigmund, wielding a +0 scythe and wearing a +1 robe of willpower (61% to hit)
You shoot an arrow.
The arrow hits Sigmund but does no damage.
Sigmund is suddenly surrounded by pale green light.
Fire: a) +1 shortbow
Press: ? - help, Q - select action, (/) - cycle Shift-Dir - straight line, f/p - Sigmund
Aim: Sigmund, wielding a +0 scythe and wearing a +1 robe of willpower (61% to hit)
You shoot an arrow. The arrow hits Sigmund!
Sigmund is heavily wounded.
Sigmund says, "Don't worry, I'll kill you fast."
Sigmund casts a spell.
Sigmund flickers and vanishes!
Deactivating autopickup; reactivate with Ctrl-A.
Fire: a) +1 shortbow
Press: ? - help, Q - select action, (/) - cycle Shift-Dir - straight line, f - you Really target yourself? [Y]es or [N]o only, please.
Really target yourself? [Y]es or [N]o only, please.
Really target yourself? [Y]es or [N]o only, please.
Really target yourself? [Y]es or [N]o only, please.
Really target yourself? [Y]es or [N]o only, please.
Really target yourself? [Y]es or [N]o only, please.
Really target yourself? [Y]es or [N]o only, please.
Really target yourself? [Y]es or [N]o only, please.
Really target yourself?
Okay, then.
Fire: a) +1 shortbow
Press: ? - help, Q - select action, (/) - cycle Shift-Dir - straight line You shoot an arrow.
Something hits you.
Fire: a) +1 shortbow
Press: ? - help, Q - select action, (/) - cycle Shift-Dir - straight line You shoot an arrow.
Something hits you.
Fire: a) +1 shortbow
Press: ? - help, Q - select action, (/) - cycle Shift-Dir - straight line You shoot an arrow.
Something hits you. Something hits you but does no damage.
Fire: a) +1 shortbow
Press: ? - help, Q - select action, (/) - cycle Shift-Dir - straight line
Okay, then.
You shoot an arrow.
You hear some strange, mumbled words.
A magic dart appears from out of thin air!
The magic dart hits you.
You shoot an arrow. Something hits you but does no damage.
You shoot an arrow. Something hits you!
* * * LOW HITPOINT WARNING * * *
You shoot an arrow. Something hits you but does no damage.
You feel better.
You shoot an arrow. Something hits you!
* * * LOW HITPOINT WARNING * * *
Blink to where?
Press: ? - help, Q - select action, (/) - cycle Dir - move target
As you read the scroll of blinking, it crumbles to dust.
Fire: a) +1 shortbow
Press: ? - help, Q - select action, (/) - cycle Shift-Dir - straight line You shoot an arrow.
Something hits you but does no damage.
Fire: a) +1 shortbow
Press: ? - help, Q - select action, (/) - cycle Shift-Dir - straight line You shoot an arrow.
Something hits you!
You die...

####### ......#
......############
.............. ..#
......######## #.# .
.....## #@#####....
.....##### #..{....#
.........# #..###..#
.....###.# #..# #
.)...# #.#######..#
.....###...#.....##
#######......###.....#
# #...##.### #^#####
#####.####.# ##.#


There were no monsters in sight!

Vanquished Creatures
  2 adders (D:3)
  2 worms (D:2)
  A dart slug (D:3)
  9 endoplasms
  3 giant cockroaches
  4 goblins
  6 hobgoblins
  2 jackals (D:1)
  3 quokkas
  5 ball pythons
  3 bats (D:2)
  3 frilled lizards
  6 kobolds
  8 rats
57 creatures vanquished.

Vanquished Creatures (others)
  2 withered plants (D:3)
2 creatures vanquished.

Grand Total: 59 creatures vanquished

Notes
Turn   | Place    | Note
-------+----------+-------------------------------------------
     0 | D:1      | Darkkill the Minotaur Hunter began the quest for the Orb.
     0 | D:1      | Reached XP level 1. HP: 18/18 MP: 0/0
   117 | D:1      | Reached skill level 1 in Stealth
   202 | D:1      | Reached XP level 2. HP: 25/25 MP: 1/1
   702 | D:2      | Reached XP level 3. HP: 31/31 MP: 2/2
   748 | D:2      | Got Sif Muna's Omnibus of Venin and Location
  1069 | D:2      | Found a runed translucent door.
  1070 | D:2      | Noticed Crazy Yiuf
  1408 | D:3      | Reached skill level 5 in Ranged Weapons
  1408 | D:3      | Reached XP level 4. HP: 31/38 MP: 3/3
  1493 | D:3      | Found an ancient bone altar of Kikubaaqudgha.
  1718 | D:3      | Noticed Sigmund
  1730 | D:3      | HP: 4/38 [something (9)]
  1733 | D:3      | HP: 1/38 [something (11)]
  1736 | D:3      | Mangled by Sigmund

Illustrated notes

Levels and vault maps discovered:
D:1:      dpeg_arrival_windows_large_door, layout_loops_ring
D:2:      layout_basic, minmay_between, uniq_crazy_yiuf_cottage
D:3:      layout_rooms, kiku_gazebo_garden_becter, grunt_ministairs_2,
          uniq_sigmund

Skill      XL: |  1  2  3 |
---------------+----------+-----
Stealth        | 1 |  1.9
Fighting       | 3 |  3.4
Ranged Weapons | 5 |  5.0
Dodging        | 3 |  3.0

Action                     |  1- 3 |  4- 6 || total
---------------------------+-------+-------++-------
   Fire: Shortbow          |   127 |    28 ||   155
    Use: Scroll            |     7 |     1 ||     8
         Potion            |       |     1 ||     1
 Armour: Leather armour    |    11 |     4 ||    15
  Dodge: Dodged            |    33 |     2 ||    35

Table legend: (Time is in decaauts)
 A = Elapsed time spent in this place.
 B = Non-inter-level travel time spent in this place.
 C = Inter-level travel time spent in this place.
 D = Time resting spent in this place.
 E = Time spent auto-exploring this place.
 F = Levels seen in this place.
 G = Mean time per level.
                   A        B        C        D        E       F      G
               +--------+--------+--------+--------+--------+-----+--------+
         Total |   1782 |   1718 |     64 |      0 |   1406 |   3 |  594.0 |
       Dungeon |   1782 |   1718 |     64 |      0 |   1406 |   3 |  594.0 |
               +--------+--------+--------+--------+--------+-----+--------+

Top non-repeatable levels by time:
     D:2: 730 daAuts
     D:1: 642 daAuts
     D:3: 408 daAuts

Table legend:
 A = Kills in this place as a percentage of kills in the entire game.
 B = Kills by you in this place as a percentage of kills by you in the entire game.
 C = Kills by friends in this place as a percentage of kills by friends in the entire game.
 D = Other kills in this place as a percentage of other kills in the entire game.
 E = Experience gained in this place as a percentage of experience gained in the entire game.
 F = Experience gained in this place divided by the number of levels of this place that you have seen.
                   A       B       C       D       E      F
               +-------+-------+-------+-------+-------+----------------------
         Total | 100.0 | 100.0 |   N/A |   N/A | 100.0 |  40.0
       Dungeon | 100.0 | 100.0 |   N/A |   N/A | 100.0 |  40.0
               +-------+-------+-------+-------+-------+----------------------
